 Dungeon Crawl Stone Soup version 0.30.0-13-g156ef70053 (webtiles) character file.

Game seed: 15532902579539790242

3115 SnakkuSnakku7 the Blocker (level 9, -3/54 HPs)
             Began as a Tengu Hexslinger on May 17, 2023.
             Was a Follower of Zin.
             Slain by a vampire (6 damage)
             ... on level 8 of the Dungeon.
             The game lasted 00:12:12 (6343 turns).

SnakkuSnakku7 the Blocker (Tengu Hexslinger)        Turns: 6343, Time: 00:12:15

Health: -3/54      AC: 11    Str: 15    XL:     9   Next: 91%
Magic:  11/11      EV: 16    Int: 17    God:    Zin [*.....]
Gold:   96         SH: 11    Dex: 15    Spells: 10/10 levels left

rFire   + . .        a - +4 broad axe (freeze)
rCold   . . .        u - +0 kite shield
rNeg    + + +        F - +3 ring mail of Ziheah {-Cast rF+ rN+++ Stlth+}
rPois   .            H - +2 hat
rElec   .            c - +0 cloak
rCorr   .            (no gloves)
SInv    .            (boots unavailable)
Will    .....        m - amulet of faith
Stlth   +++          d - ring of positive energy
HPRegen 0.29/turn    i - +5 ring of evasion
MPRegen 0.12/turn

%: no spellcasting, faith
@: flying quickly and evasively, quick
A: beak, talons 3, nimble flight, thin skeletal structure 1, clever 1, sense
surroundings 1
a: Renounce Religion, Recite, Donate Gold


You were on level 8 of the Dungeon.
You worshipped Zin.
Zin was aware of your devotion.
You visited 2 branches of the dungeon, and saw 9 of its levels.

You collected 400 gold pieces.
You spent 294 gold pieces at shops.
You donated 10 gold pieces to Zin.

Inventory:

Hand Weapons
 a - a +4 broad axe of freezing (weapon)
Missiles
 s - 10 poisoned darts (quivered)
Armour
 c - a +0 cloak (worn)
 u - a +0 kite shield (worn)
 F - the +3 ring mail of Ziheah (worn) {-Cast rF+ rN+++ Stlth+}
   (You found it on level 6 of the Dungeon)

   rF:        It protects you from fire.
   rN:        It renders you almost immune to negative energy.
   -Cast:     It prevents spellcasting.
   Stlth:     It makes you more stealthy.
 H - a +2 hat (worn)
Jewellery
 d - a ring of positive energy (left hand)
 i - a +5 ring of evasion (right hand)
 m - an amulet of faith (around neck)
Wands
 r - a wand of flame (18)
 v - a wand of digging (2)
Scrolls
 b - a scroll of immolation {unknown}
 f - 2 scrolls of fog
 h - 8 scrolls of teleportation
 k - 4 scrolls of blinking
 z - a scroll of amnesia
 A - a scroll of magic mapping
 C - a scroll of enchant armour
Potions
 e - 3 potions of curing
 p - a potion of brilliance
 w - 2 potions of attraction
 B - 2 potions of mutation
 D - a potion of heal wounds


   Skills:
 - Level 5.4 Fighting
 + Level 4.4(6.9) Axes
 - Level 8.2(8.7) Maces & Flails
 - Level 2.1 Ranged Weapons
 - Level 2.1 Dodging
 + Level 8.7 Shields
 - Level 1.0 Spellcasting
 - Level 2.1 Hexes


You had 10 spell levels left.
You didn't know any spells.
Your spell library contained the following spells:

 Spells                   Type           Power      Damage    Failure   Level
 Slow                     Hex            32%        N/A       38%         1
 Summon Small Mammal      Summ           0%         N/A       71%         1
 Blink                    Tloc           0%         N/A       83%         2
 Lesser Beckoning         Tloc           0%         N/A       83%         2
 Momentum Strike          Conj/Tloc      0%         3d8       83%         2
 Inner Flame              Hex/Fire       4%         N/A       89%         3
 Portal Projectile        Hex/Tloc       8%         N/A       89%         3
 Summon Guardian Golem    Hex/Summ       4%         N/A       89%         3
 Call Canine Familiar     Summ           0%         N/A       97%         3
 Cause Fear               Hex            4%         N/A       99%         4


Dungeon Overview and Level Annotations

Branches:
Dungeon (8/15)             Temple (1/1) D:7
   Lair: D:8-11

Altars:
Cheibriados
Dithmenos
Elyvilon
Fedhas
Gozag
Hepliaklqana
Kikubaaqudgha
Makhleb
Nemelex Xobeh
Okawaru
Qazlal
Ru
Sif Muna
Trog
Uskayaw
Vehumet
Wu Jian
Xom
Yredelemnul
Zin
The Shining One

Shops:
D:6 ![?(

Annotations:
D:5 SecretSquirrel's ghost, novice BaHu


Innate Abilities, Weirdness & Mutations

You have a beak for a mouth.
You have claws for feet.
Your magical nature lets you fly swiftly and evasively.
You have a somewhat thin skeletal structure. (Dex +2, Stealth+)
Your mind is acute. (Int +4, Str/Dex -1)
You passively map a small area around you.


Message History

The bullfrog misses you. The bullfrog attacks as you move away!
You block the bullfrog's attack. x2
You slash the bullfrog!
The bullfrog seems to slow down.
You freeze the bullfrog.
You kill the bullfrog!
You slash the sleepcap! You freeze the sleepcap.
The sleepcap is heavily damaged.
You block the sleepcap's attack.
You hit the sleepcap. You freeze the sleepcap.
You claw the sleepcap, but do no damage.
The sleepcap is heavily damaged.
You block the sleepcap's attack. x2
You hit the sleepcap. You freeze the sleepcap. You peck the sleepcap.
You destroy the sleepcap!
You miss something. You claw something. Something hits you but does no damage.
Something bites you!
You hit something but do no damage. You block something's attack.
Something bites you but does no damage. Something hits you but does no damage.
Something bites you.
You barely miss something. You claw something. Your peck misses something.
You hear some strange, mumbled words.
You are confused.
You bump into the rock wall.
Something hits you but does no damage. Something bites you.
You closely miss something. Your peck misses something. Something hits you!
Something bites you. Something hits you! Something bites you!
* * * LOW HITPOINT WARNING * * *
You hit something but do no damage. Your peck misses something.
Something hits you but does no damage. Something bites you but does no damage.
You bump into the rock wall.
Something hits you.
* * * LOW HITPOINT WARNING * * *
Something bites you but does no damage.
You barely miss something. Your peck misses something.
You feel less confused. Something hits you but does no damage.
Something bites you.
* * * LOW HITPOINT WARNING * * *
Something hits you.
* * * LOW HITPOINT WARNING * * *
Something bites you.
You die...

####.###.#.###.#...# #.
#.#.##......### #.
#.#.##..#.....#
#######.###.#.#####.#.#.#
........[..#.#.........#.#
............#.#####.......#
.............#............##
.............#######.####.#
..........>....{@.<#.# #.#
.............#####.#.####.#
.........)...#####.#....#.#
.............##.........#.#
.............##.##......#.#
.............## ######.#.#
.....$.......# ,#.#.#
.............# ,* * #.#.#
##############* ,, , #.#.#


There were no monsters in sight!

Vanquished Creatures
  Maggie (D:7)
  A steam dragon (D:7)
  Edmund (D:6)
  4 water moccasins
  An orc warrior (D:7)
  A sky beast (D:6)
  A black bear (D:5)
  2 ogres
  3 centaurs
  A kobold brigand (D:8)
  3 bullfrogs
  7 scorpions
  4 killer bees (D:8)
  2 howler monkeys
  An orc priest (D:8)
  2 hounds
  Jessica (D:3)
  2 sleepcaps
  An iguana (D:5)
  3 orc wizards
  3 gnolls (D:2)
  13 adders
  An ufetubus (D:2)
  4 worms
  A dart slug (D:1)
  14 orcs
  6 ball pythons
  5 endoplasms
  7 giant cockroaches
  9 goblins
  7 hobgoblins
  11 jackals
  19 kobolds
  6 quokkas
  6 bats
  4 frilled lizards
  3 rats
161 creatures vanquished.

Notes
Turn   | Place    | Note
-------+----------+-------------------------------------------
     0 | D:1      | SnakkuSnakku7 the Tengu Hexslinger began the quest for the
                  | Orb.
     0 | D:1      | Reached XP level 1. HP: 12/12 MP: 3/3
    31 | D:1      | Reached XP level 2. HP: 17/17 MP: 4/4
   233 | D:1      | Reached XP level 3. HP: 15/22 MP: 5/5
   332 | D:1      | You fall into a shaft and drop 1 floor!
   376 | D:2      | HP: 1/23 [poisoned by an adder]
   517 | D:2      | Reached XP level 4. HP: 12/29 MP: 6/6
  1453 | D:2      | Gained mutation: Your magical nature lets you fly swiftly
                  | and evasively. [Tengu growth]
  1453 | D:2      | Reached XP level 5. HP: 34/34 MP: 7/7
  1585 | D:2      | Reached skill level 5 in Fighting
  1988 | D:3      | Noticed Jessica
  2077 | D:3      | Killed Jessica
  2483 | D:3      | Reached skill level 1 in Shields
  2489 | D:3      | Reached XP level 6. HP: 40/40 MP: 8/8
  2754 | D:4      | Reached skill level 1 in Maces & Flails
  3225 | D:5      | Entered Level 5 of the Dungeon
  3225 | D:5      | Noticed a black bear
  3232 | D:5      | Killed a black bear
  3233 | D:5      | Reached XP level 7. HP: 40/44 MP: 9/9
  3845 | D:6      | Found Vureuteala's Weapon Emporium.
  3917 | D:6      | Reached skill level 5 in Maces & Flails
  3917 | D:6      | Reached XP level 8. HP: 37/50 MP: 10/10
  3936 | D:6      | Reached skill level 5 in Shields
  4014 | D:6      | Found a runed translucent door.
  4015 | D:6      | Noticed SecretSquirrel's ghost (novice BaHu)
  4178 | D:5      | Gained mutation: Armour fits poorly on your strangely
                  | shaped body. [potion of mutation]
  4178 | D:5      | Gained mutation: You are resistant to electric shocks.
                  | (rElec) [potion of mutation]
  4209 | D:6      | Lost mutation: Armour fits poorly on your strangely shaped
                  | body. [potion of mutation]
  4209 | D:6      | Lost mutation: You are resistant to electric shocks.
                  | (rElec) [potion of mutation]
  4209 | D:6      | Gained mutation: You passively map a small area around you.
                  | [potion of mutation]
  4209 | D:6      | Gained mutation: You have a somewhat thin skeletal
                  | structure. (Dex +2, Stealth+) [potion of mutation]
  4209 | D:6      | Gained mutation: Your mind is acute. (Int +4, Str/Dex -1)
                  | [potion of mutation]
  4282 | D:6      | Found Xomuisch's Magic Scroll Emporium.
  4290 | D:6      | Bought a scroll of blinking for 90 gold pieces
  4290 | D:6      | Bought a scroll of teleportation for 36 gold pieces
  4290 | D:6      | Bought a scroll of teleportation for 36 gold pieces
  4290 | D:6      | Bought a scroll of fog for 48 gold pieces
  4321 | D:6      | Found Quilel's Distillery.
  4515 | D:6      | Identified the +3 ring mail of Ziheah {-Cast rF+ rN+++
                  | Stlth+}
  4532 | D:6      | Bought a potion of heal wounds for 70 gold pieces
  4593 | D:6      | Found Cutt's Antique Armour Boutique.
  4619 | D:6      | Bought a potion of degeneration for 14 gold pieces
  4660 | D:6      | Noticed Edmund
  4668 | D:6      | Killed Edmund
  5064 | D:7      | Reached XP level 9. HP: 30/54 MP: 11/11
  5073 | D:7      | Found a staircase to the Ecumenical Temple.
  5104 | Temple   | Entered the Ecumenical Temple
  5221 | D:7      | Noticed Maggie
  5238 | D:7      | Killed Maggie
  5345 | D:7      | Reached skill level 1 in Axes
  5673 | D:7      | Found a glowing silver altar of Zin.
  5733 | D:7      | Became a worshipper of Zin the Law-Giver
  6090 | D:8      | Found a blossoming altar of Fedhas.
  6105 | D:8      | Reached * piety under Zin
  6111 | D:8      | Found an ornate altar of the Wu Jian Council.
  6116 | D:8      | Found a bloodstained altar of Trog.
  6117 | D:8      | Found a sparkling altar of Nemelex Xobeh.
  6119 | D:8      | Found an iron altar of Okawaru.
  6120 | D:8      | Found an ancient bone altar of Kikubaaqudgha.
  6121 | D:8      | Found a hazy altar of Hepliaklqana.
  6126 | D:8      | Found an opulent altar of Gozag.
  6343 | D:8      | Slain by a vampire

Illustrated notes

Levels and vault maps discovered:
D:1:      wander_arrival_lonely_grave, layout_basic
D:2:      layout_basic
D:3:      layout_loops_ring, kennysheep_generic_room_16, uniq_jessica
D:4:      layout_cave_pools
D:5:      layout_basic
D:6:      layout_basic, gammafunk_ghost_grave, serial_shops,
          nicolae_inconvenience_store, shop, shop, shop,
          dreamdust_princess_corridor, uniq_edmund
D:7:      layout_basic, zin_statuary, minmay_temple_entry_gardened_gates,
          uniq_maggie
D:8:      layout_basic, nicolae_overflow_hallway_of_the_gods
Temple:   nicolae_temple_bog_church

Skill      XL: |  1  2  3  4  5  6  7  8  9 |
---------------+----------------------------+-----
Fighting       | 2 3 4 5 |  5.4
Shields        | 1 3 4 6 8 |  8.7
Maces & Flails | 3 5 7 8 |  8.2
Axes           | 4 |  4.4
Ranged Weapons | |  2.1
Dodging        | |  2.1
Spellcasting   | |  1.0
Hexes          | |  2.1

Action                     |  1- 3 |  4- 6 |  7- 9 || total
---------------------------+-------+-------+-------++-------
  Melee: Dagger            |       |   118 |       ||   118
         Peck              |       |    28 |    48 ||    76
         Kick              |       |    51 |    76 ||   127
         Flail             |       |   114 |   175 ||   289
         Punch             |       |     1 |       ||     1
         Broad axe         |       |       |    64 ||    64
   Fire: Sling             |   136 |    20 |       ||   156
  Throw: Dart              |       |       |    14 ||    14
   Cast: Slow              |     6 |     4 |       ||    10
    Use: Scroll            |       |     2 |    13 ||    15
         Potion            |       |       |     8 ||     8
   Stab: Sleeping          |       |     1 |     3 ||     4
 Armour: Robe              |    11 |    23 |       ||    34
         Leather armour    |       |    11 |       ||    11
         Plate armour      |       |    91 |    61 ||   152
         Ring mail         |       |       |    62 ||    62
  Dodge: Dodged            |    69 |   118 |   199 ||   386
  Block: Kite shield       |       |    60 |   162 ||   222
